 Dungeon Crawl Stone Soup version 0.32-a0-675-gdc239d62e1 (webtiles) character file.

Game seed: 3737384513477678913

44 pascalblue the Gusty (level 3, -1/19 HPs)
             Began as a Deep Elf Air Elementalist on Mar 11, 2024.
             Slain by an adder (2 damage)
             ... on level 2 of the Dungeon.
             The game lasted 00:03:13 (1540 turns).

pascalblue the Gusty (Deep Elf Air Elementalist)    Turns: 1540, Time: 00:03:14

Health: -1/19      AC:  2    Str:  5    XL:     3   Next: 39%
Magic:  6/10       EV: 13    Int: 21    God:
Gold:   33         SH:  0    Dex: 15    Spells: 3/9 levels left

rFire   . . .        e - +2 dagger (speed)
rCold   . . .        (no shield)
rNeg    . . .        a - +0 robe
rPois   .            (no helmet)
rElec   .            (no cloak)
rCorr   .            (no gloves)
SInv    .            (no boots)
Will    .....        (no amulet)
Stlth   ++           (no ring)
HPRegen 0.23/turn    (no ring)
MPRegen 0.12/turn

%: no passive effects
@: lethally poisoned (-1 -> -3)
A: no striking features
a: no special abilities


You were on level 2 of the Dungeon.
You visited 1 branch of the dungeon, and saw 2 of its levels.

You collected 33 gold pieces.

Inventory:

Hand Weapons
 d - a +0 dagger
 e - a +2 dagger of speed (weapon)
Armour
 a - a +0 robe (worn)
Magical Staves
 h - a staff of death
Talismans
 i - a talisman of death
Scrolls
 c - 2 scrolls of revelation {unknown}
 j - a scroll of fog {unknown}
Potions
 b - a potion of magic
 f - 2 potions of haste {unknown}
 g - a potion of attraction {unknown}


   Skills:
 - Level 3.0 Dodging
 - Level 2.4 Stealth
 + Level 3.5 Spellcasting
 + Level 1.8 Conjurations
 * Level 4.0 Air Magic


You had 3 spell levels left.
You knew the following spells:

 Your Spells              Type           Power      Damage    Failure   Level
a - Shock                 Conj/Air       64%        1d7       3%          1
b - Static Discharge      Conj/Air       32%        3-5/arc   5%          2
c - Swiftness             Air            20%        N/A       7%          3

Your spell library contained the following spells:

 Spells                   Type           Power      Damage    Failure   Level
 Airstrike                Air            10%        2d(2-18)  24%         4


Dungeon Overview and Level Annotations

Branches:
Dungeon (2/15)

Altars:


Message History

The adder is lightly wounded.
The zap misses the ball python.
The zap hits the goblin.
You kill the goblin!
The adder bites you.
You are poisoned.
The adder poisons you! The adder bites you.
Casting: Shock (safe; 3% risk of failure)
Confirm with . or Enter, or press ? or * to list all spells.
Aiming: Shock (safe; 3% risk of failure)
Press: ? - help, Shift-Dir - straight line The zap misses the adder.
The zap hits the ball python.
You kill the ball python!
You feel sick. The adder bites you.
You are more poisoned.
The adder poisons you!
You closely miss the adder.
The adder is lightly wounded.
You feel sick. The adder barely misses you.
You hit the adder.
The adder is moderately wounded.
You feel sick. The adder misses you.
You barely miss the adder.
The adder is moderately wounded.
You feel sick. The adder closely misses you.
You hit the adder.
The adder is moderately wounded.
You feel sick.
You hit the adder but do no damage.
The adder is moderately wounded.
You feel sick. The adder misses you.
You hit the adder.
The adder is heavily wounded.
The adder bites you.
* * * LOW HITPOINT WARNING * * *
Your magical contamination has completely faded away.
You hit the adder.
The adder is severely wounded.
* * * LOW HITPOINT WARNING * * *
You feel sick. The adder bites you.
You die...

... ....# .. ....# .#
J..#...# ... . ....#
#..#. #..#####
##.#..##..#...####
...g...J..........
.....#..#....#
.......#.)..S@#
.........##...#
...#.######...#####.#
.. #. #.........# #
###.#######.
#.#.....# #.#.....#
#.#.....#
##.#.#####.#....##


You could see an adder and an endoplasm.

Vanquished Creatures
  2 adders (D:2)
  A bat (D:1)
  6 endoplasms
  A giant cockroach (D:1)
  3 goblins
  A hobgoblin (D:1)
  3 kobolds
  3 quokkas (D:1)
  A ball python (D:2)
  A frilled lizard (D:2)
  2 rats
24 creatures vanquished.

Notes
Turn   | Place    | Note
-------+----------+-------------------------------------------
     0 | D:1      | pascalblue the Deep Elf Air Elementalist began the quest
                  | for the Orb.
     0 | D:1      | Reached XP level 1. HP: 10/10 MP: 6/6
   473 | D:1      | Reached XP level 2. HP: 15/15 MP: 5/8
   557 | D:1      | Learned a level 2 spell: Static Discharge
  1276 | D:2      | Reached XP level 3. HP: 12/19 MP: 0/9
  1355 | D:2      | Learned a level 3 spell: Swiftness
  1432 | D:2      | Reached skill level 4 in Air Magic
  1540 | D:2      | Slain by an adder

Illustrated notes

Levels and vault maps discovered:
D:1:      dpeg_arrival_renting, layout_basic
D:2:      layout_basic, serial_forest, infiniplex_forest_lined_3_way,
          infiniplex_forest_end_3, infiniplex_forest_lined_corner,
          infiniplex_forest_lined_corner, infiniplex_forest_clump_curved,
          infiniplex_forest_diagonal, infiniplex_forest_corner_2,
          infiniplex_forest_lined_corner, hangedman_abyss_or_decor_lesser_grid,
          serial_bayou_ford_a, nrook_mini_backslash

Skill      XL: |  1  2  3 |
---------------+----------+-----
Dodging        | 3 |  3.0
Air Magic      | 4 |  4.0
Stealth        | |  2.4
Spellcasting   | |  3.5
Conjurations   | |  1.8

Action                     || total
---------------------------++-------
  Melee: Dagger            ||    22
   Cast: Shock             ||    58
 Armour: Robe              ||    24
  Dodge: Dodged            ||    21

Table legend: (Time is in decaauts)
 A = Elapsed time spent in this place.
 B = Non-inter-level travel time spent in this place.
 C = Inter-level travel time spent in this place.
 D = Time resting spent in this place.
 E = Time spent auto-exploring this place.
 F = Levels seen in this place.
 G = Mean time per level.
                   A        B        C        D        E       F      G
               +--------+--------+--------+--------+--------+-----+--------+
         Total |   1531 |   1526 |      5 |    133 |   1222 |   2 |  765.5 |
       Dungeon |   1531 |   1526 |      5 |    133 |   1222 |   2 |  765.5 |
               +--------+--------+--------+--------+--------+-----+--------+

Top non-repeatable levels by time:
     D:1: 1236 daAuts
     D:2: 295 daAuts
